 Dungeon Crawl Stone Soup version 0.23.1 (webtiles) character file.

Game seed: 0

24584 misha the Impaler (level 13, -9/109 HPs)
             Began as a Merfolk Berserker on Mar 5, 2019.
             Was a High Priest of Trog.
             Mangled by an orc warrior
             ... wielding a +0 trident
              (12 damage)
             ... on level 1 of the Orcish Mines on Mar 7, 2019.
             The game lasted 01:11:37 (18468 turns).

misha the Impaler (Merfolk Berserker)              Turns: 18468, Time: 01:12:07

Health: -9/109     AC: 23    Str: 21    XL:     13   Next: 14%
Magic:  13/13      EV:  8    Int:  6    God:    Trog [*****.]
Gold:   547        SH:  8    Dex: 15    Spells: 12/12 levels left

rFire    + . .     SeeInvis .   S - +3 trident (pierce)
rCold    . . .     Gourm    .   G - +2 buckler
rNeg     . . .     Faith    +   r - +0 plate armour
rPois    +         Spirit   .   V - +0 helmet
rElec    .         Reflect  .   L - +1 cloak of Sloth {rPois}
rCorr    .         Harm     .   a - +2 pair of gloves
MR       .....                  q - +2 pair of boots
Stlth    ..........             Q - amulet of faith
HPRegen  0.28/turn              E - ring of protection from fire
MPRegen  0.13/turn              C - +3 ring of protection

@: no status effects
A: change form in water, swift swim, stealthy swim
a: Berserk, Trog's Hand, Brothers in Arms, Renounce Religion


You were on level 1 of the Orcish Mines.
You worshipped Trog.
Trog was extremely pleased with you.
You were not hungry.

You visited 2 branches of the dungeon, and saw 15 of its levels.

You collected 930 gold pieces.
You spent 383 gold pieces at shops.

Inventory:

Hand Weapons
 b - a +4 blowgun
 S - a +3 trident of piercing (weapon)
Missiles
 i - 487 stones (quivered)
 j - 15 tomahawks
 s - 132 sling bullets
 t - 5 needles of confusion
 u - 74 poisoned needles
 x - 4 poisoned tomahawks
 F - 4 silver tomahawks
 Y - 6 javelins
Armour
 a - a +2 pair of gloves (worn)
 q - a +2 pair of boots (worn)
 r - a +0 plate armour (worn)
 G - a +2 buckler (worn)
 L - the +1 cloak of Sloth (worn) {rPois}
   (You found it on level 6 of the Dungeon)

   It protects you from poison.
 V - a +0 helmet (worn)
 W - the +1 ring mail of Failure {Str+4, unknown}
   (You found it on level 10 of the Dungeon)

   It affects your strength (+4).
Jewellery
 y - an uncursed ring of see invisible
 C - a +3 ring of protection (right hand)
 E - a ring of protection from fire (left hand)
 O - an uncursed amulet of guardian spirit {unknown}
 Q - an amulet of faith (around neck)
Wands
 z - a wand of polymorph (19)
 A - a wand of iceblast (35)
 N - a wand of acid (16)
 T - a wand of clouds (11)
 Z - a wand of scattershot (6)
Scrolls
 d - 3 scrolls of noise
 e - 3 scrolls of amnesia
 h - 10 scrolls of remove curse
 k - 4 scrolls of teleportation
 l - 2 scrolls of enchant armour
 n - a scroll of fog
 w - 2 scrolls of immolation
 J - 2 scrolls of magic mapping
 M - a scroll of enchant weapon
 R - a scroll of brand weapon
 X - a scroll of blinking
Potions
 f - 3 potions of haste
 g - 3 potions of degeneration
 m - 5 potions of might
 p - 3 potions of berserk rage
 v - a potion of resistance
 B - a potion of magic
 D - 3 potions of agility
 H - 4 potions of curing
 I - 3 potions of flight
 K - a potion of cancellation
 U - a potion of ambrosia {unknown}
Miscellaneous
 o - a phial of floods
 P - a lightning rod (4/4)
Comestibles
 c - 11 rations


   Skills:
 + Level 12.8 Fighting
 - Level 20.7 Polearms
 + Level 2.2 Armour
 + Level 4.1 Dodging
 + Level 2.6 Stealth
 * Level 8.3 Shields


You had 12 spell levels left.
You didn't know any spells.
Your spell library was empty.

Dungeon Overview and Level Annotations

Branches:
Dungeon (14/15)            Temple (0/1) D:4            Lair (0/6) D:11
    Orc (1/2) D:11
 Vaults: D:13-14

Altars:
Cheibriados
Dithmenos
Makhleb
Sif Muna
Yredelemnul

Shops:
D:7 !   D:10 *%*(*   Orc:1 =

Annotations:
Abyss:1 Fannar


Message History

An orc comes into view. It is wielding a +0 mace.
The orc priest calls upon Beogh to heal the orc warrior.
The orc warrior is healed somewhat.
The orc sorcerer hits you but does no damage.
An orc priest comes into view. It is wielding a +0 club.
The orc warrior hits you with a +0 trident!
The troll bites you!
The troll claws you but does no damage. x2
The ogre hits you but does no damage.
The orc sorcerer hits you but does no damage.
You can move again.
There is a staircase back to the Dungeon, spattered with blood here.
You see here a large rock.
The troll barely misses you. x2; The troll claws you but does no damage.
You block the orc sorcerer's attack.
The soul eater draws from the surrounding life force!
* * * LOW HITPOINT WARNING * * *
The ogre hits you with a +0 giant club!
* * * LOW HITPOINT WARNING * * *
The orc warrior hits you with a +0 trident!
You die...

....#..........
#.....#......>..
...o.o..........
........#.......
..#...O.......$.
.......C.$......
......3Oo.......
#....o@T.o.o$.o
#....oo∩.......
#...#..........$
##.#.....$$.....
#......##.$...
##...... .#...
#####.. . ..
#... # # ....


You could see a soul eater, a cyclops, a troll, 2 orc sorcerers, 2 orc warriors,
2 ogres, 3 orc priests and an orc.

Vanquished Creatures
  Jorgrun (D:12)
  Snorg (D:10)
  A hydra (D:12)
  Erica (D:9)
  2 centaur warriors (D:14)
  A two-headed ogre (D:11)
  2 tengu warriors
  A death knight (D:14)
  An unseen horror (D:14)
  2 manticores (D:13)
  An ugly thing (D:13)
  2 cyclopes
  Joseph (D:9)
  A black mamba (shapeshifter) (D:14)
  Psyche (D:10)
  A kobold demonologist (D:14)
  An efreet (D:14)
  A komodo dragon (D:10)
  2 tengu conjurers
  2 trolls (D:13)
  Prince Ribbit (D:9)
  A meliai zombie (D:13)
  A slime creature (D:10)
  A wraith (D:10)
  A wyvern (D:14)
  2 vampire mosquitoes (D:9)
  16 yaks
  An acid dragon (D:14)
  2 soldier ants
  3 sky beasts
  6 orc warriors
  An ice beast (D:13)
  A porcupine (D:11)
  3 black bears
  An eye of draining (D:12)
  6 phantoms
  3 ogres
  3 necrophages
  5 centaurs
  2 crocodiles
  3 big kobolds
  A gnoll sergeant (D:12)
  5 bullfrogs
  2 wyvern zombies
  3 scorpions
  5 wights (D:7)
  3 killer bees (D:9)
  An electric eel (D:14)
  10 howler monkeys
  2 crimson imps
  A bullfrog zombie (D:10)
  2 jellies
  7 hounds
  A bullfrog skeleton (D:13)
  5 orc wizards
  5 orc priests
  3 centaur skeletons
  4 iguanas
  6 worker ants
  A hound zombie (D:9)
  A hound skeleton (D:11)
  11 gnolls
  6 adders
  A howler monkey skeleton (D:7)
  4 shadow imps
  An adder skeleton (D:6)
  An adder zombie (D:5)
  5 worms
  2 dart slugs (D:2)
  A leopard gecko (D:10)
  54 orcs
  4 bats
  6 giant cockroaches
  6 goblins
  7 hobgoblins
  13 jackals
  8 quokkas
  3 ball pythons
  11 frilled lizards
  A goblin skeleton (D:5)
  A jackal skeleton (D:5)
  21 kobolds
  A quokka skeleton (D:5)
  6 rats (D:1)
331 creatures vanquished.

Vanquished Creatures (collateral kills)
  Urug (D:10)
  An orc (D:13)
2 creatures vanquished.

Vanquished Creatures (others)
  An ugly thing (D:11)
  2 yaks
  A wraith (D:10)
  A soldier ant (D:11)
  A porcupine (D:11)
  An orc warrior (D:11)
  2 black bears (D:8)
  An eye of draining (D:10)
  A phantom (D:10)
  A centaur (D:11)
  2 bullfrogs
  A scorpion (D:9)
  A howler monkey (D:8)
  A crimson imp (D:5)
  A bullfrog zombie (D:9)
  A worker ant (D:10)
  6 orcs
  3 toadstools (D:14)
28 creatures vanquished.

Grand Total: 361 creatures vanquished

Notes
Turn   | Place    | Note
-------+----------+-------------------------------------------
     0 | D:1      | misha the Merfolk Berserker began the quest for the Orb.
     0 | D:1      | Reached XP level 1. HP: 18/18 MP: 1/1
   170 | D:1      | Reached XP level 2. HP: 22/24 MP: 2/2
   179 | D:1      | Reached skill level 5 in Polearms
   466 | D:1      | Reached ** piety under Trog
   723 | D:1      | Reached XP level 3. HP: 29/30 MP: 3/3
  1076 | D:2      | Found a snail-covered altar of Cheibriados.
  1485 | D:2      | Reached skill level 6 in Polearms
  1869 | D:2      | Reached XP level 4. HP: 37/37 MP: 4/4
  2370 | D:3      | Found a faded altar of an unknown god.
  3179 | D:4      | Reached skill level 7 in Polearms
  3179 | D:4      | Reached XP level 5. HP: 31/43 MP: 5/5
  3428 | D:4      | Found a staircase to the Ecumenical Temple.
  3818 | D:4      | Reached skill level 8 in Polearms
  4084 | D:4      | Reached skill level 5 in Fighting
  4084 | D:4      | Reached XP level 6. HP: 39/51 MP: 6/6
  4208 | D:4      | Reached *** piety under Trog
  4725 | D:5      | Entered Level 5 of the Dungeon
  4725 | D:5      | Noticed a necrophage
  4735 | D:5      | Killed a necrophage
  4735 | D:5      | Reached skill level 9 in Polearms
  4735 | D:5      | Reached XP level 7. HP: 56/56 MP: 7/7
  4774 | D:5      | Reached skill level 10 in Polearms
  4775 | D:5      | Found a runed translucent door.
  4775 | D:5      | Noticed a human
  4884 | D:5      | Found a basalt altar of Yredelemnul.
  5944 | D:5      | Reached skill level 11 in Polearms
  5944 | D:5      | Reached XP level 8. HP: 40/65 MP: 8/8
  6630 | D:6      | Reached skill level 12 in Polearms
  6750 | D:6      | Reached **** piety under Trog
  7043 | D:6      | Found a deep blue altar of Sif Muna.
  7245 | D:6      | Got a faintly glowing cloak
  7251 | D:6      | Identified the +1 cloak of Sloth {rPois} (You found it on
                  | level 6 of the Dungeon)
  7280 | D:6      | Found a burning altar of Makhleb.
  8013 | D:7      | Reached skill level 13 in Polearms
  8018 | D:7      | Reached XP level 9. HP: 48/73 MP: 9/9
  9032 | D:7      | Found Begop's Distillery.
  9479 | D:8      | Reached skill level 14 in Polearms
  9863 | D:9      | Noticed Joseph
 10546 | D:9      | Killed Joseph
 10546 | D:9      | Reached skill level 15 in Polearms
 10850 | D:9      | Reached XP level 10. HP: 76/83 MP: 10/10
 11038 | D:9      | Reached skill level 16 in Polearms
 11087 | D:9      | Noticed Prince Ribbit
 11297 | D:9      | Noticed Erica
 11304 | D:9      | Killed Erica
 11304 | D:9      | Reached skill level 10 in Fighting
 11362 | D:9      | Killed Prince Ribbit
 11555 | D:9      | Reached skill level 17 in Polearms
 11592 | D:9      | Noticed a white ugly thing
 11734 | D:10     | Entered Level 10 of the Dungeon
 11734 | D:10     | Noticed Urug
 11787 | D:10     | Found Vinwuq's General Store.
 11796 | D:10     | Noticed Fannar
 11797 | D:10     | Bought a scroll of enchant armour for 82 gold pieces
 11797 | D:10     | Bought a +0 helmet for 49 gold pieces
 11806 | D:10     | Banished Fannar
 11979 | D:10     | Noticed Psyche
 12012 | D:10     | Killed Psyche
 12065 | D:10     | Found Vivoq's Food Shop.
 12067 | D:10     | Got a garnet-encrusted ring mail
 12303 | D:10     | Killed Urug
 12303 | D:10     | Reached skill level 18 in Polearms
 12303 | D:10     | Reached XP level 11. HP: 92/92 MP: 11/11
 12375 | D:10     | Found Moumar's Assorted Antiques.
 12455 | D:10     | Found Sokuceup's Weapon Boutique.
 12503 | D:10     | Found Danaofaydd's Assorted Antiques.
 12644 | D:10     | Noticed Snorg
 12807 | D:10     | Killed Snorg
 12916 | D:10     | Bought a wand of polymorph (9) for 50 gold pieces
 12916 | D:10     | Bought a pair of embroidered gloves for 187 gold pieces
 13031 | D:11     | Reached ***** piety under Trog
 13214 | D:11     | Received a gift from Trog
 13214 | D:11     | Reached skill level 1 in Shields
 13386 | D:11     | Noticed a two-headed ogre
 13445 | D:11     | Found a staircase to the Lair.
 13498 | D:11     | Reached skill level 19 in Polearms
 14056 | D:11     | Noticed a white ugly thing
 14067 | D:11     | Banished a white ugly thing
 14111 | D:11     | Killed a two-headed ogre
 14123 | D:11     | Found a staircase to the Orcish Mines.
 14378 | D:12     | Noticed a seven-headed hydra
 14390 | D:12     | Killed a seven-headed hydra
 14694 | D:12     | Reached XP level 12. HP: 94/102 MP: 12/12
 14796 | D:12     | Noticed Jorgrun
 14819 | D:12     | Killed Jorgrun
 14819 | D:12     | Reached skill level 5 in Shields
 14823 | D:12     | HP: 4/102 [cyclops/large rock (21)]
 15328 | D:12     | Received a gift from Trog
 15671 | D:12     | Found a shadowy altar of Dithmenos.
 15759 | D:13     | Noticed a tengu warrior
 15829 | D:13     | Reached skill level 20 in Polearms
 16311 | D:13     | Killed a tengu warrior
 17256 | D:10     | Bought 12 stones for 15 gold pieces
 17640 | D:14     | Noticed a centaur warrior
 17652 | D:14     | Killed a centaur warrior
 17712 | D:14     | Noticed a death knight
 17726 | D:14     | Killed a death knight
 17933 | D:14     | Reached skill level 1 in Stealth
 17966 | D:14     | Reached XP level 13. HP: 103/109 MP: 13/13
 18457 | Orc:1    | Entered Level 1 of the Orcish Mines
 18457 | Orc:1    | Found Buuneq's Jewellery Emporium.
 18465 | Orc:1    | Paralysed by an orc sorcerer for 3 turns
 18468 | Orc:1    | HP: 3/109 [ogre/+0 giant club (13)]
 18468 | Orc:1    | Mangled by an orc warrior

Skill      XL: |  1  2  3  4  5  6  7  8  9 10 11 12 13 |
---------------+----------------------------------------+-----
Polearms       | 5 6 7 8 9 11 13 15 18 19 20 | 20.7
Fighting       | 4 5 6 7 9 10 11 12 | 12.8
Shields        | 4 7 8 |  8.3
Dodging        | 3 4 |  4.1
Stealth        | 1 2 |  2.6
Armour         | 2 |  2.2

Action                   |  1- 3 |  4- 6 |  7- 9 | 10-12 | 13-15 || total
-------------------------+-------+-------+-------+-------+-------++-------
Melee: Spear             |   159 |   265 |   132 |   449 |       ||  1005
       Trident           |       |     2 |   341 |   225 |    43 ||   611
       Tailslap          |       |       |       |       |     1 ||     1
Invok: Berserk           |       |     4 |     3 |    17 |       ||    24
       Brothers in Arms  |       |       |       |     2 |       ||     2
       Trog's Hand       |       |       |       |     1 |       ||     1
Evoke: Wand              |       |       |       |       |     3 ||     3
  Use: Scroll            |       |     4 |     4 |    18 |       ||    26
       Potion            |       |       |       |     1 |       ||     1
 Stab: Sleeping          |     6 |       |       |       |       ||     6
       Distracted        |     1 |       |       |     1 |       ||     2
  Eat: Chunk             |     2 |    10 |    14 |    18 |       ||    44
       Ration            |       |     1 |     3 |     6 |       ||    10
Armor: Animal skin       |    10 |     1 |       |       |       ||    11
       Plate armour      |       |    99 |   160 |   159 |    14 ||   432
Dodge: Dodged            |    63 |    62 |    70 |    73 |     6 ||   274
Block: Buckler           |       |       |       |    35 |     9 ||    44
